 Dungeon Crawl Stone Soup version 0.21.1-1-g345015f (webtiles) character file.

32 Iko the Sneak (level 3, -11/25 HPs)
             Began as an Octopode Wizard on June 9, 2018.
             Killed by divine providence
             ... invoked by an orc priest
              (14 damage)
             ... on level 4 of the Dungeon.
             The game lasted 00:04:53 (299 turns).

Iko the Sneak (Octopode Wizard)                      Turns: 299, Time: 00:04:54

Health: -11/25     AC:  2    Str:  7    XL:     3   Next: 25%
Magic:  2/8        EV: 14    Int: 20    God:
Gold:   18         SH:  0    Dex: 10    Spells: 7/10 levels left

rFire    . . .     SeeInvis .   e - +0 club
rCold    . . .     Gourm    .   (no shield)
rNeg     . . .     Faith    .   a - +1 hat
rPois    .         Spirit   .   (no amulet)
rElec    .         Reflect  .   (no ring)
rCorr    .         Harm     .   (no ring)
MR       .....                  (no ring)
Stlth    ++++......             (no ring)
HPRegen  0.08/turn              (no ring)
MPRegen  0.11/turn              (no ring)
                                (no ring)
                                (no ring)

@: lethally poisoned (-11 -> -15), very slightly contaminated
A: almost no armour, stealthy swim, amphibious, 8 rings, constrict 8, camouflage
1, gelatinous body 1
a: no special abilities


You were on level 4 of the Dungeon.
You were not hungry.

You visited 1 branch of the dungeon, and saw 4 of its levels.

You collected 18 gold pieces.

Inventory:

Hand Weapons
 e - a +0 club (weapon)
Armour
 a - a +1 hat (worn)
Books
 b - a book of Minor Magic

   Spells                             Type                      Level
   a - Magic Dart                     Conjuration                  1
   b - Blink                          Translocation                2
   c - Call Imp                       Summoning                    2
   d - Slow                           Hexes                        2
   e - Conjure Flame                  Conjuration/Fire             3
   f - Mephitic Cloud                 Conjuration/Poison/Air       3
Comestibles
 c - 3 rations


   Skills:
 + Level 2.7 Fighting
   Level 2.7 Short Blades
 + Level 2.8 Throwing
 + Level 3.5 Dodging
 + Level 5.2 Stealth
 + Level 2.7 Unarmed Combat
 + Level 4.3 Spellcasting
 + Level 3.0 Conjurations
 + Level 3.0 Summonings
   Level 1.0 Translocations


You had 7 spell levels left.
You knew the following spells:

 Your Spells              Type           Power        Failure   Level  Hunger
a - Magic Dart            Conj           ###.         3%          1    None
b - Call Imp              Summ           ###.....     5%          2    #......


Dungeon Overview and Level Annotations

Branches:
Dungeon (4/15)
 Temple: D:4-7

Altars:


Innate Abilities, Weirdness & Mutations

You cannot wear most types of armour.
You are very stealthy in the water. (Stealth+)
You are amphibious.
You can wear up to eight rings at the same time.
You can use your tentacles to constrict eight enemies at once.
Your skin changes colour to match your surroundings (Stealth+).
Your rubbery body absorbs attacks. (AC +1, EV +1)


Message History

You barely miss the adder. You grab the adder. You constrict the adder.
The orc wizard gestures wildly while chanting.
The orc wizard blinks!
The adder bites you.
You are poisoned.
The adder poisons you!
The orc priest mumbles some strange prayers to Beogh against you.
Pain shoots through your body!
Ouch! That really hurt!
An orc and a phantom come into view.
You release your grip on the adder.
You feel sick. The orc priest hits you with a mace.
* * * LOW HITPOINT WARNING * * *
The adder closely misses you.
The phantom moves out of view.
The orc wizard casts a spell at you. The magic dart hits you!
* * * LOW HITPOINT WARNING * * *
The orc priest calls down the wrath of Beogh upon you.
Beogh smites you!
Ouch! That really hurt!
You die...

# ... .# #.
#.#####.
###.####... ..
.....#... ..# #
##.#.#.># ..#.##
.#....)..##......
..$...o..o.....#
.#..#.#S.>.....#
?o..#@#.##.###
... #.......# o##
#.......#
#......(#
#(......#
#.......#
#<.(....#
#.......#
#########


You could see an orc priest, an orc wizard and an adder.

Vanquished Creatures
  2 orcs (D:4)
  A bat (D:1)
  A giant cockroach (D:1)
  3 goblins
  A kobold (D:2)
  2 frilled lizards (D:3)
  A rat (D:1)
11 creatures vanquished.

Notes
Turn   | Place    | Note
-------+----------+-------------------------------------------
     0 | D:1      | Iko the Octopode Wizard began the quest for the Orb.
     0 | D:1      | Reached XP level 1. HP: 11/11 MP: 4/4
   108 | D:2      | Reached XP level 2. HP: 17/17 MP: 0/6
   138 | D:2      | Learned a level 2 spell: Call Imp
   202 | D:2      | Reached skill level 5 in Stealth
   202 | D:2      | Reached XP level 3. HP: 25/25 MP: 6/8
   298 | D:4      | Noticed a phantom
   299 | D:4      | Killed from afar by an orc priest

Skill      XL: |  1  2 |
---------------+-------+-----
Fighting       | 2 |  2.7
Short Blades   | 2 |  2.7
Throwing       | 2 |  2.8
Dodging        | 3 |  3.5
Stealth        | 5 |  5.2
Unarmed Combat | 2 |  2.7
Spellcasting   | 4 |  4.3
Conjurations   | 3 |  3.0
Summonings     | 3 |  3.0
Translocations | |  1.0

Action                   || total
-------------------------++-------
Melee: Unarmed           ||     3
       Constrict         ||     3
       Dagger            ||     1
       Club              ||     4
 Cast: Magic Dart        ||    17
  Use: Scroll            ||     4
       Potion            ||     2
 Stab: Sleeping          ||     1
Dodge: Dodged            ||     6
